[Event "Wednesday Jan 24 Engine Tour 15 Rd Swiss 12m+1s Starts at 1600hrs ST"]
[Site "Infinity Chess"]
[Date "2018.1.24"]
[Round "12"]
[White "miguello"]
[Black "Satria_Ungu"]
[Result "1/2-1/2"]
[ECO "D31"]
[WhiteElo "2385"]
[BlackElo "2376"]
[WhiteEngine "stockfish_18012314_x64_modern_CTG"]
[BlackEngine "Houdini 6"]
[EventType "Swiss"]
[WhiteTeam ""]
[BlackTeam ""]
[PlyCount "115"]
[TimeControl "720+1"]

1. d4 d5 2. c4 e6 3. Nc3 c6 4. Nf3 Nf6 5. e3 Nbd7 6. Bd3 dxc4 7. Bxc4 b5 
8. Bd3 Bb7 9. O-O a6 10. Ne4 c5 11. Nxc5 Nxc5 12. dxc5 Bxc5 13. Qe2 O-O 
14. a4 Qb8 15. axb5 axb5 16. Rxa8 Bxa8 17. h3 b4 18. b3 Rd8 19. Bb2 Bd6 
20. Rd1 Ne4 21. Rc1 Bd5 22. Bc4 Bb7 23. Bd4 h6 24. Qb2 Bf8 25. Bf1 Rc8 
26. Be5 Nd6 27. Nd2 Rxc1 28. Qxc1 Qd8 29. Qc2 Qa5 30. Bd4 Nb5 31. Bb2 Nc3 
32. Nc4 Qa2 33. Bd3 Be7 34. Bh7+ Kh8 35. Bd3 f6 36. Nd2 Kg8 37. Bh7+ Kf8 
38. Bd3 Qa5 39. Nf3 e5 40. Nh4 g5 41. Ng6+ Ke8 42. Nxe7 Kxe7 43. Bc4 Be4 
44. Qd2 Bf5 45. f3 e4 46. fxe4 Bxe4 47. Qd4 Bc6 48. Bd3 Bd7 49. Kh1 Be6 
50. Bc2 h5 51. Bg6 Bf7 52. Bxf7 Kxf7 53. Qd7+ Kg6 54. Qe8+ Kg7 55. Qe7+ Kg6 
56. Qe8+ Kg7 57. Qe7+ Kg6 58. Qe8+ 1/2-1/2

[Event "Wednesday Jan 24 Engine Tour 15 Rd Swiss 12m+1s Starts at 1600hrs ST"]
[Site "Infinity Chess"]
[Date "2018.1.24"]
[Round "12"]
[White "hafaba"]
[Black "Dovahkiin"]
[Result "1/2-1/2 "]
[ECO ""]
[WhiteElo "2441"]
[BlackElo "2427"]
[WhiteEngine "Stockfish SL FA POPCNT_CTG"]
[BlackEngine "BrainFish_180113_x64_modern_CTG"]
[EventType "Swiss"]
[WhiteTeam ""]
[BlackTeam ""]
[PlyCount "118"]
[TimeControl "720+1"]

1. e3 d5 2. Nf3 e6 3. c4 Nf6 4. d4 Be7 5. b3 c5 6. Bb2 O-O 7. Nc3 cxd4 
8. Nxd4 dxc4 9. Bxc4 a6 10. O-O b5 11. Be2 Bb7 12. Bf3 Qb6 13. Rc1 Nbd7 
14. a4 Rfc8 15. axb5 axb5 16. Bxb7 Qxb7 17. Ndxb5 Rab8 18. Nd4 e5 19. Nf5 Bf8 
20. Nd6 Bxd6 21. Qxd6 Qxb3 22. Ba1 Ra8 23. Ne2 Rxc1 24. Rxc1 Qd5 25. Qc7 g6 
26. Qc2 Qe4 27. Qd1 Kg7 28. h3 Ra5 29. Nc3 Qb4 30. Rb1 Qc4 31. Bb2 Ra6 
32. Rc1 Qb4 33. Qe2 Rc6 34. Kh2 Qc4 35. Qd2 Qb4 36. Qe2 Qc4 37. Qd2 Qb4 
38. Ba1 Nb6 39. Rb1 Qa5 40. e4 Nfd7 41. f3 f6 42. Bb2 Qc5 43. Qe1 Qa5 
44. Ra1 Qb4 45. Ra2 Rc7 46. Qa1 Qc5 47. Nd1 Nc4 48. Bc3 Nf8 49. Ra6 g5 50. h4 h6 
51. Ra8 gxh4 52. Be1 Qd4 53. Qa4 Qd7 54. Bxh4 Qxa4 55. Rxa4 Ng6 56. Bf2 Nf4 
57. Ra6 Rd7 58. Ne3 Nxe3 59. Bxe3 Ng6 1/2-1/2

[Event "Wednesday Jan 24 Engine Tour 15 Rd Swiss 12m+1s Starts at 1600hrs ST"]
[Site "Infinity Chess"]
[Date "2018.1.24"]
[Round "12"]
[White "Dinkelberger"]
[Black "ocirema"]
[Result "1/2-1/2"]
[ECO "B95"]
[WhiteElo "2419"]
[BlackElo "2445"]
[WhiteEngine "stockfish_18011309_x64_modern_CTG"]
[BlackEngine "stockfish_18012314_x64_modern_CTG"]
[EventType "Swiss"]
[WhiteTeam ""]
[BlackTeam ""]
[PlyCount "33"]
[TimeControl "720+1"]

1. e4 c5 2. Nf3 d6 3. d4 cxd4 4. Nxd4 Nf6 5. Nc3 a6 6. Bg5 e6 7. Qf3 Nbd7 
8. Be2 Qc7 9. a4 b6 10. O-O Bb7 11. Qg3 Be7 12. Rad1 O-O 13. Bh6 Ne8 
14. Be3 Nef6 15. Bh6 Ne8 16. Be3 Nef6 17. Bh6 1/2-1/2

[Event "Wednesday Jan 24 Engine Tour 15 Rd Swiss 12m+1s Starts at 1600hrs ST"]
[Site "Infinity Chess"]
[Date "2018.1.24"]
[Round "12"]
[White "star99"]
[Black "MarioDeMonti"]
[Result "1/2-1/2"]
[ECO "B50"]
[WhiteElo "2420"]
[BlackElo "2439"]
[WhiteEngine "Cryptic AIL V2"]
[BlackEngine "stockfish_x64_bmi2_2018_01_13_CTG"]
[EventType "Swiss"]
[WhiteTeam ""]
[BlackTeam ""]
[PlyCount "91"]
[TimeControl "720+1"]

1. e4 c5 2. Nf3 d6 3. Nc3 a6 4. d4 cxd4 5. Nxd4 Nf6 6. Bg5 e6 7. Qf3 Be7 
8. Be2 O-O 9. O-O Qc7 10. a4 Bd7 11. Qg3 Kh8 12. a5 Nc6 13. Nxc6 Bxc6 14. Qd3 b5 
15. axb6 Qxb6 16. Rxa6 Rxa6 17. Qxa6 Qxa6 18. Bxa6 Rb8 19. Bd3 Rxb2 20. Ra1 h6 
21. Bc1 Rb8 22. Ra7 Bd8 23. Kf1 Nd7 24. Be3 Ne5 25. Ra6 Ra8 26. f3 Nxd3 
27. Rxc6 Ne5 28. Rxd6 Nc4 29. Rd3 Nxe3+ 30. Rxe3 Rc8 31. Nb5 Rxc2 32. Rc3 Rxc3 
33. Nxc3 g5 34. Nb5 Kg7 35. h3 Be7 36. Ke2 Kf6 37. g3 Bc5 38. f4 gxf4 
39. gxf4 e5 40. Kf3 exf4 41. Kxf4 Ke6 42. Nc7+ Kf6 43. e5+ Kg6 44. Ke4 Bf2 
45. e6 fxe6 46. Nxe6 1/2-1/2

[Event "Wednesday Jan 24 Engine Tour 15 Rd Swiss 12m+1s Starts at 1600hrs ST"]
[Site "Infinity Chess"]
[Date "2018.1.24"]
[Round "12"]
[White "Thinker"]
[Black "SkyPilot"]
[Result "1/2-1/2"]
[ECO "C55"]
[WhiteElo "2442"]
[BlackElo "2482"]
[WhiteEngine "BrainFish_180113_x64_modern_CTG"]
[BlackEngine "stockfish_x64_bmi2_2018_01_13_CTG"]
[EventType "Swiss"]
[WhiteTeam ""]
[BlackTeam ""]
[PlyCount "87"]
[TimeControl "720+1"]

1. e4 e5 2. Nf3 Nc6 3. Bc4 Nf6 4. d3 Bc5 5. O-O d6 6. c3 O-O 7. h3 a5 8. Nbd2 h6 
9. Re1 Be6 10. Bb5 Qb8 11. Nf1 Qa7 12. Re2 a4 13. Ng3 Qa5 14. Bxc6 bxc6 
15. Nh4 Rfe8 16. Re1 d5 17. exd5 Nxd5 18. Nhf5 Qb6 19. Qf3 Nf4 20. d4 Bf8 
21. dxe5 Ng6 22. Qh5 Ra5 23. Nd4 Bc5 24. Bxh6 Qxb2 25. Be3 Bb6 26. Qe2 Qxe2 
27. Ngxe2 Nxe5 28. Nxe6 Bxe3 29. Nxc7 Bxf2+ 30. Kxf2 Rc8 31. Red1 Rxc7 
32. Rab1 Ra8 33. Nf4 a3 34. Nd3 Ng6 35. Rb3 Rd7 36. Nb2 Rxd1 37. Nxd1 Rd8 
38. Ke1 Nf4 39. Ne3 Re8 40. Kd2 Rd8+ 41. Kc2 Re8 42. Kd2 Rd8+ 43. Ke1 Re8 
44. Kd2 1/2-1/2

[Event "Wednesday Jan 24 Engine Tour 15 Rd Swiss 12m+1s Starts at 1600hrs ST"]
[Site "Infinity Chess"]
[Date "2018.1.24"]
[Round "12"]
[White "Marsell"]
[Black "angriff"]
[Result "1/2-1/2"]
[ECO "B00"]
[WhiteElo "2500"]
[BlackElo "2415"]
[WhiteEngine "asmFishW_2018-01-11_popcnt"]
[BlackEngine "Stockfish SL FA POPCNT_CTG"]
[EventType "Swiss"]
[WhiteTeam ""]
[BlackTeam ""]
[PlyCount "100"]
[TimeControl "720+1"]

1. e4 Nc6 2. d4 d5 3. e5 Bf5 4. c3 e6 5. Nd2 Qd7 6. Be2 f6 7. f4 g5 
8. Ndf3 O-O-O 9. Bb5 gxf4 10. Bxf4 Bg7 11. exf6 Bxf6 12. Ne2 Nge7 13. O-O Rhg8 
14. Qd2 Be4 15. Ng3 Nf5 16. Rf2 Nxg3 17. Bxg3 Kb8 18. Raf1 a6 19. Ba4 h5 
20. Be5 Be7 21. Bf4 Rdf8 22. Ne5 Qe8 23. Nxc6+ bxc6 24. Bc2 Qg6 25. Bxe4 Qxe4 
26. b3 Kc8 27. Qe3 Qg6 28. Qe5 Bd6 29. Qe2 Bxf4 30. Rxf4 Rxf4 31. Rxf4 Kb7 
32. h3 Rg7 33. Kh1 Rf7 34. Rxf7 Qxf7 35. g4 hxg4 36. hxg4 Qf4 37. Kg2 a5 
38. Kh3 Qc1 39. Qf3 Qd2 40. Qg3 Qxa2 41. g5 Qxb3 42. g6 Qc2 43. g7 Qh7+ 
44. Kg2 Qc2+ 45. Kf1 Qd1+ 46. Kf2 Qc2+ 47. Ke1 Qc1+ 48. Kf2 Qc2+ 49. Ke1 Qc1+ 
50. Kf2 Qc2+ 1/2-1/2

[Event "Wednesday Jan 24 Engine Tour 15 Rd Swiss 12m+1s Starts at 1600hrs ST"]
[Site "Infinity Chess"]
[Date "2018.1.24"]
[Round "12"]
[White "BraveDevil"]
[Black "RonWeasley"]
[Result "1/2-1/2 "]
[ECO "C11"]
[WhiteElo "2388"]
[BlackElo "2502"]
[WhiteEngine "Cryptic AIL V2"]
[BlackEngine "BrainFish 130117_CTG"]
[EventType "Swiss"]
[WhiteTeam ""]
[BlackTeam ""]
[PlyCount "94"]
[TimeControl "720+1"]

1. e4 e6 2. d4 d5 3. Nc3 Nf6 4. e5 Nfd7 5. f4 c5 6. Nf3 Nc6 7. Be3 cxd4 
8. Nxd4 Qb6 9. Qd2 Qxb2 10. Rb1 Qa3 11. Bb5 Nxd4 12. Bxd4 a6 13. Bxd7+ Bxd7 
14. Rb3 Qe7 15. Rxb7 Rc8 16. O-O Qd8 17. Qf2 Rxc3 18. Bxc3 Qc8 19. Rb3 Ba4 
20. Bd4 Bxb3 21. axb3 Be7 22. c3 O-O 23. b4 Qc6 24. h3 Bd8 25. f5 f6 
26. fxe6 Qxe6 27. Kh1 h6 28. exf6 Bxf6 29. Re1 Qc6 30. Bxf6 Qxf6 31. Qd2 Kh7 
32. Kg1 Kh8 33. Qe3 Rc8 34. Rc1 d4 35. cxd4 Rxc1+ 36. Qxc1 Qxd4+ 37. Kh1 Qd3 
38. Qe1 Kh7 39. Qe5 Qb1+ 40. Kh2 Qg6 41. g3 Qc2+ 42. Kg1 Qc6 43. Qf5+ Kg8 
44. Qe5 Qf3 45. Qb8+ Kh7 46. Qe5 Qd3 47. Kh2 Qf3 1/2-1/2

[Event "Wednesday Jan 24 Engine Tour 15 Rd Swiss 12m+1s Starts at 1600hrs ST"]
[Site "Infinity Chess"]
[Date "2018.1.24"]
[Round "11"]
[White "Satria_Ungu"]
[Black "Dovahkiin"]
[Result "1/2-1/2"]
[ECO "A06"]
[WhiteElo "2374"]
[BlackElo "2429"]
[WhiteEngine "Houdini 6"]
[BlackEngine "BrainFish_180113_x64_modern_CTG"]
[EventType "Swiss"]
[WhiteTeam ""]
[BlackTeam ""]
[PlyCount "174"]
[TimeControl "720+1"]

1. Nf3 d5 2. d4 Nf6 3. c4 e6 4. Nc3 c6 5. Bg5 h6 6. Bxf6 Qxf6 7. e3 Nd7 
8. Bd3 dxc4 9. Bxc4 g6 10. O-O Bg7 11. Re1 O-O 12. e4 e5 13. d5 Nb6 14. Bb3 Bd7 
15. h3 Rfd8 16. Qe2 Qe7 17. a3 Nc8 18. Qe3 Nd6 19. Red1 Be8 20. Rac1 Qc7 
21. dxc6 bxc6 22. Ba2 Rac8 23. g3 Qb6 24. Qe2 Nb5 25. Na4 Rxd1+ 26. Qxd1 Qc7 
27. Kg2 a5 28. Nc5 h5 29. Qe2 Qd6 30. Rc2 Kh7 31. Ng5+ Kg8 32. Qd2 Qxd2 
33. Rxd2 Rb8 34. Bc4 Nd4 35. f4 Bf6 36. h4 exf4 37. gxf4 Kg7 38. Kg3 Rb6 
39. b3 Rb8 40. a4 Rd8 41. Rd3 Ne2+ 42. Kf3 Nd4+ 43. Kg3 Ne2+ 44. Kf3 Nd4+ 
45. Ke3 Be7 46. Nb7 Rd7 47. Rxd4 Rxb7 48. Rd2 Bc5+ 49. Kf3 Bb4 50. Rd8 Bd7 
51. f5 gxf5 52. Nxf7 fxe4+ 53. Kxe4 Kf6 54. Ne5 Bf5+ 55. Kd4 Rc7 56. Rh8 Rh7 
57. Rxh7 Bxh7 58. Nxc6 Be1 59. Bd5 Bxh4 60. Nxa5 Bf2+ 61. Kc4 h4 62. Nc6 Bf5 
63. Bh1 Be6+ 64. Kc3 Be1+ 65. Kc2 h3 66. a5 Bc8 67. Kd1 Bf2 68. Ke2 Bc5 
69. b4 Ba6+ 70. Kf3 Bd6 71. Ke4 Kg5 72. Kf3 Bc4 73. Ke4 Kg4 74. Ne5+ Bxe5 
75. Kxe5 Bf1 76. Kd4 Bg2 77. a6 Bxh1 78. b5 h2 79. b6 Bf3 80. b7 h1=Q 
81. b8=Q Qg1+ 82. Kc4 Qc1+ 83. Kd3 Qd1+ 84. Kc3 Qa1+ 85. Qb2 Qxa6 86. Qb4+ Kh5 
87. Qf4 Qa5+ 1/2-1/2

[Event "Wednesday Jan 24 Engine Tour 15 Rd Swiss 12m+1s Starts at 1600hrs ST"]
[Site "Infinity Chess"]
[Date "2018.1.24"]
[Round "11"]
[White "angriff"]
[Black "hafaba"]
[Result "1/2-1/2"]
[ECO "A41"]
[WhiteElo "2414"]
[BlackElo "2442"]
[WhiteEngine "Stockfish SL FA POPCNT_CTG"]
[BlackEngine "Stockfish SL FA POPCNT_CTG"]
[EventType "Swiss"]
[WhiteTeam ""]
[BlackTeam ""]
[PlyCount "103"]
[TimeControl "720+1"]

1. d4 d6 2. Nf3 Nf6 3. c4 e6 4. Nc3 d5 5. g3 Be7 6. Bg2 O-O 7. O-O Nbd7 
8. Bf4 dxc4 9. e4 c6 10. a4 b6 11. Nd2 Ba6 12. Qe2 Rc8 13. Rfd1 Bb4 14. Na2 Bxd2 
15. Qxd2 Qe7 16. Qb4 Qxb4 17. Nxb4 Bb7 18. Nc2 h6 19. Bd6 Rfe8 20. a5 b5 
21. e5 Nd5 22. a6 Ba8 23. Ra5 N7b6 24. Ne3 Nxe3 25. fxe3 Red8 26. Rf1 Rd7 
27. Bf3 Rxd6 28. exd6 Rd8 29. Raa1 Rxd6 30. Rfd1 Kf8 31. b3 Ke7 32. bxc4 Nxc4 
33. Kf2 e5 34. Rab1 h5 35. Rb3 Rf6 36. Kg2 g6 37. h3 exd4 38. exd4 Kd6 
39. Be2 c5+ 40. Kg1 Re6 41. Bf1 Bd5 42. dxc5+ Kc6 43. h4 Rf6 44. Be2 Kxc5 
45. Rxb5+ Kxb5 46. Rxd5+ Kb4 47. Rd4 Rc6 48. Kf2 Rc7 49. Re4 Rc6 50. Rd4 Rf6+ 
51. Ke1 Rc6 52. Kf2 1/2-1/2

[Event "Wednesday Jan 24 Engine Tour 15 Rd Swiss 12m+1s Starts at 1600hrs ST"]
[Site "Infinity Chess"]
[Date "2018.1.24"]
[Round "11"]
[White "ocirema"]
[Black "BraveDevil"]
[Result "1/2-1/2"]
[ECO "C77"]
[WhiteElo "2448"]
[BlackElo "2385"]
[WhiteEngine "stockfish_18012314_x64_modern_CTG"]
[BlackEngine "Cryptic AIL V2"]
[EventType "Swiss"]
[WhiteTeam ""]
[BlackTeam ""]
[PlyCount "150"]
[TimeControl "720+1"]

1. e4 e5 2. Nf3 Nc6 3. Bb5 a6 4. Ba4 Nf6 5. O-O Be7 6. Re1 b5 7. Bb3 O-O 
8. a4 b4 9. d4 d6 10. dxe5 Nxe5 11. Nxe5 dxe5 12. Qe2 a5 13. Bg5 Qd4 14. c3 bxc3 
15. Nxc3 c6 16. Be3 Qb4 17. Bc4 Rb8 18. Rab1 Rd8 19. Rec1 Ng4 20. Bd2 Qb6 
21. Rc2 Bc5 22. Nd1 Nf6 23. Kh1 Bd4 24. b3 Ne8 25. Ne3 Qa7 26. Qe1 Ra8 
27. f3 Nd6 28. Bd3 Bd7 29. Nf5 Nxf5 30. exf5 f6 31. Be4 Rdc8 32. Bc3 Kh8 
33. Qd2 Be3 34. Qe2 Bb6 35. g4 Be8 36. g5 Bf7 37. gxf6 gxf6 38. f4 Bd4 
39. fxe5 Bxc3 40. Rxc3 Qd4 41. Re3 Qxe5 42. Bxc6 Bd5+ 43. Bxd5 Qxd5+ 
44. Qf3 Qxf3+ 45. Rxf3 Rc2 46. Kg1 Rg8+ 47. Rg3 Rd8 48. Rg4 Rdd2 49. Re1 h5 
50. Rh4 Rg2+ 51. Kh1 Rg5 52. Rf1 Kh7 53. Rc4 Rb2 54. Rc7+ Kh6 55. Rf7 Rgg2 
56. Rxf6+ Kh7 57. Rg6 Rxg6 58. fxg6+ Kxg6 59. Rg1+ Kh6 60. Rg3 h4 61. Rg4 Kh5 
62. Rc4 Rxb3 63. Kg2 h3+ 64. Kf2 Rb1 65. Kg3 Rb3+ 66. Kf2 Rb1 67. Rc5+ Kg4 
68. Rxa5 Rb2+ 69. Kg1 Rb1+ 70. Kf2 Ra1 71. Ke3 Rh1 72. Rb5 Rxh2 73. Rb8 Rh1 
74. Rh8 Re1+ 75. Kd4 Ra1 1/2-1/2

[Event "Wednesday Jan 24 Engine Tour 15 Rd Swiss 12m+1s Starts at 1600hrs ST"]
[Site "Infinity Chess"]
[Date "2018.1.24"]
[Round "11"]
[White "SkyPilot"]
[Black "miguello"]
[Result "1/2-1/2"]
[ECO "E10"]
[WhiteElo "2486"]
[BlackElo "2381"]
[WhiteEngine "stockfish_x64_bmi2_2018_01_13_CTG"]
[BlackEngine "stockfish_18012314_x64_modern_CTG"]
[EventType "Swiss"]
[WhiteTeam ""]
[BlackTeam ""]
[PlyCount "157"]
[TimeControl "720+1"]

1. d4 Nf6 2. c4 e6 3. Nf3 d5 4. Nc3 c6 5. Bg5 h6 6. Bxf6 Qxf6 7. e3 Nd7 
8. Be2 dxc4 9. O-O g6 10. Ne4 Qe7 11. Ne5 Bg7 12. f4 O-O 13. Bxc4 Nf6 
14. Bd3 Nxe4 15. Bxe4 Bd7 16. Rc1 Be8 17. Qb3 Kh7 18. Nd3 f5 19. Bf3 Bf7 
20. Qa3 Qd8 21. Ne5 Bf6 22. b4 a6 23. Qb3 Qe7 24. Rc5 Be8 25. a4 Rg8 26. Be2 Rg7 
27. a5 Rd8 28. Bc4 Rd6 29. Kh1 Kh8 30. Qd1 Rd8 31. Qb3 Rd6 32. Qd3 Rd8 
33. Qd2 g5 34. fxg5 Bxg5 35. Qe2 Bf6 36. Qa2 Rd6 37. Qf2 Bg6 38. Qf4 Bg5 
39. Qg3 Bh5 40. Qh3 Qe8 41. Bb3 Be2 42. Re1 Qh5 43. Qxh5 Bxh5 44. g3 Re7 
45. Kg1 Rd8 46. Kf2 Rde8 47. Ra1 Rg7 48. Nd3 Bf6 49. Rac1 Rge7 50. h3 Bg6 
51. Nf4 Bf7 52. Ke2 Rg8 53. Rg1 Ree8 54. b5 cxb5 55. Rc7 Re7 56. Rxe7 Bxe7 
57. Bxe6 Bxe6 58. Nxe6 Bb4 59. g4 fxg4 60. hxg4 Bxa5 61. Kd3 b4 62. e4 b3 
63. Nc5 b2 64. Rb1 b5 65. e5 Rxg4 66. e6 Rg3+ 67. Ke4 Rg4+ 68. Kf5 Rg5+ 
69. Kf6 Bc3 70. Nb3 Rg8 71. e7 a5 72. Nxa5 Bxd4+ 73. Kf7 Bc3 74. Nb7 Rg7+ 
75. Ke6 Rg6+ 76. Kd7 Rg7 77. Ke6 Rg6+ 78. Kf7 Rg7+ 79. Ke6 1/2-1/2

[Event "Wednesday Jan 24 Engine Tour 15 Rd Swiss 12m+1s Starts at 1600hrs ST"]
[Site "Infinity Chess"]
[Date "2018.1.24"]
[Round "11"]
[White "Thinker"]
[Black "Marsell"]
[Result "1/2-1/2"]
[ECO "C55"]
[WhiteElo "2440"]
[BlackElo "2502"]
[WhiteEngine "BrainFish_180113_x64_modern_CTG"]
[BlackEngine "asmFishW_2018-01-11_popcnt"]
[EventType "Swiss"]
[WhiteTeam ""]
[BlackTeam ""]
[PlyCount "102"]
[TimeControl "720+1"]

1. e4 e5 2. Nf3 Nc6 3. Bc4 Nf6 4. d3 Bc5 5. O-O d6 6. c3 O-O 7. Bg5 h6 8. Bh4 a6 
9. a4 g5 10. Bg3 Ba7 11. Nbd2 Nh7 12. h3 h5 13. Kh1 Kh8 14. b4 h4 15. Bh2 g4 
16. hxg4 Bxg4 17. b5 Na5 18. Ba2 Ng5 19. Qe1 h3 20. Nxg5 Qxg5 21. gxh3 Bxh3 
22. Rg1 Qh5 23. Qd1 Qxd1 24. Raxd1 Rg8 25. Rg3 Bd7 26. Bxf7 Rxg3 27. Bxg3 Bxf2 
28. Bxf2 Rf8 29. c4 Rxf7 30. Kg2 Rg7+ 31. Bg3 axb5 32. axb5 Kg8 33. Rg1 b6 
34. Kf3 Kf7 35. Bf2 Rxg1 36. Bxg1 Bh3 37. Ke2 Be6 38. Ke1 Nb7 39. Nb1 Nc5 
40. Kd2 Na4 41. Na3 Bd7 42. Nc2 c6 43. bxc6 Bxc6 44. Na3 Ke6 45. Kc2 Nc5 
46. Nb5 Bxb5 47. cxb5 Nd7 48. Kc3 d5 49. exd5+ Kxd5 50. Be3 e4 51. dxe4+ Kxe4 
1/2-1/2

[Event "Wednesday Jan 24 Engine Tour 15 Rd Swiss 12m+1s Starts at 1600hrs ST"]
[Site "Infinity Chess"]
[Date "2018.1.24"]
[Round "11"]
[White "Dinkelberger"]
[Black "RonWeasley"]
[Result "1/2-1/2"]
[ECO "C00"]
[WhiteElo "2415"]
[BlackElo "2506"]
[WhiteEngine "stockfish_18011309_x64_modern_CTG"]
[BlackEngine "BrainFish 130117_CTG"]
[EventType "Swiss"]
[WhiteTeam ""]
[BlackTeam ""]
[PlyCount "84"]
[TimeControl "720+1"]

1. e4 e6 2. Nc3 d5 3. d4 Nf6 4. Bg5 Bb4 5. exd5 Qxd5 6. Nf3 Ne4 7. Bd2 Bxc3 
8. bxc3 c5 9. Be3 O-O 10. c4 Qd8 11. Bd3 Qa5+ 12. Kf1 f5 13. Kg1 Nd7 
14. Qe1 Qxe1+ 15. Rxe1 Rd8 16. h4 cxd4 17. Nxd4 Ndc5 18. Nb5 Bd7 19. Bf1 Bxb5 
20. cxb5 Rac8 21. h5 Na4 22. f3 Ng3 23. Rh4 Nb2 24. Rd4 Rxd4 25. Bxd4 Rxc2 
26. Rxe6 Kf7 27. Re5 g6 28. Rc5 Rxc5 29. Bxc5 Nxf1 30. Kxf1 b6 31. hxg6+ hxg6 
32. Bd6 Ke6 33. Bb8 Kd7 34. Kf2 Na4 35. Kg3 Nc3 36. Kf4 Nxa2 37. Bxa7 Kc7 
38. Kg5 Nc3 39. Bxb6+ Kxb6 40. g4 f4 41. Kxg6 Nxb5 42. Kf5 Kc5 1/2-1/2

[Event "Wednesday Jan 24 Engine Tour 15 Rd Swiss 12m+1s Starts at 1600hrs ST"]
[Site "Infinity Chess"]
[Date "2018.1.24"]
[Round "10"]
[White "miguello"]
[Black "BraveDevil"]
[Result "1/2-1/2"]
[ECO "E10"]
[WhiteElo "2381"]
[BlackElo "2385"]
[WhiteEngine "stockfish_18012314_x64_modern_CTG"]
[BlackEngine "Cryptic AIL V2"]
[EventType "Swiss"]
[WhiteTeam ""]
[BlackTeam ""]
[PlyCount "151"]
[TimeControl "720+1"]

1. d4 Nf6 2. c4 e6 3. Nf3 d5 4. Nc3 c6 5. Bg5 h6 6. Bxf6 Qxf6 7. e3 Qd8 
8. Qc2 Be7 9. Bd3 O-O 10. O-O b6 11. cxd5 cxd5 12. Ne5 Bb7 13. f4 Nd7 
14. Rf3 Bb4 15. a3 Nxe5 16. fxe5 Bxc3 17. Qxc3 a5 18. Rc1 Rc8 19. Qe1 Rxc1 
20. Qxc1 Qc8 21. Qf1 Bc6 22. Bb1 Ba4 23. Rf2 Qc4 24. Bd3 Qc8 25. Bb1 Qc4 
26. Bd3 Qc7 27. h3 Bb3 28. Kh2 Qc8 29. Qb1 Qb8 30. Qc1 Qc8 31. Qe1 Qc7 
32. g3 Rc8 33. Kg2 Qc1 34. Qe2 Qc7 35. Qf3 Qe7 36. h4 Rc1 37. Kh3 Bc4 
38. Rc2 Rxc2 39. Bxc2 b5 40. b3 Bxb3 41. Bxb3 Qxa3 42. Bc2 a4 43. Qf1 Qc3 
44. Bb1 a3 45. Qxb5 g6 46. Kg2 Qxe3 47. Bxg6 fxg6 48. Qe8+ Kg7 49. Qe7+ Kg8 
50. Qxe6+ Kg7 51. Qf6+ Kh7 52. Qf7+ Kh8 53. Qxd5 Kg7 54. Qd7+ Kg8 55. Qd8+ Kg7 
56. Kh3 Qe4 57. Qc7+ Kf8 58. Qd8+ Kf7 59. Kh2 Qc2+ 60. Kh3 a2 61. Qf6+ Ke8 
62. Qe6+ Kd8 63. Qd6+ Kc8 64. Qa6+ Kc7 65. Qa7+ Kc6 66. Qa6+ Kd5 67. Qd6+ Kc4 
68. Qa6+ Kb3 69. e6 g5 70. Qb7+ Ka3 71. Qa7+ Kb2 72. Qb7+ Kc1 73. Qh1+ Kb2 
74. Qb7+ Kc1 75. Qh1+ Kb2 76. Qb7+ 1/2-1/2

[Event "Wednesday Jan 24 Engine Tour 15 Rd Swiss 12m+1s Starts at 1600hrs ST"]
[Site "Infinity Chess"]
[Date "2018.1.24"]
[Round "10"]
[White "angriff"]
[Black "star99"]
[Result "1/2-1/2"]
[ECO "E15"]
[WhiteElo "2414"]
[BlackElo "2420"]
[WhiteEngine "Stockfish SL FA POPCNT_CTG"]
[BlackEngine "Cryptic AIL V2"]
[EventType "Swiss"]
[WhiteTeam ""]
[BlackTeam ""]
[PlyCount "163"]
[TimeControl "720+1"]

1. d4 Nf6 2. c4 e6 3. Nf3 b6 4. g3 Be7 5. Bg2 Bb7 6. O-O O-O 7. b3 d5 
8. cxd5 exd5 9. Bb2 Nbd7 10. Ne5 Bd6 11. Nc4 Bb4 12. a3 Be7 13. Nc3 Re8 
14. Ne5 Bf8 15. Nd3 Bd6 16. a4 a5 17. Qc2 Bf8 18. Rac1 Nb8 19. Ne5 Na6 
20. Rfd1 Nb4 21. Qf5 Rc8 22. Ba3 Qe7 23. Nb5 c5 24. e3 g6 25. Qf4 Bg7 
26. Bh3 Rcd8 27. Qh4 h6 28. Ng4 Ne4 29. Nxh6+ Kf8 30. Qxe7+ Rxe7 31. Ng4 f5 
32. Ne5 Bxe5 33. dxe5 Rxe5 34. Bf1 Re7 35. h4 Nc6 36. Kg2 Nf6 37. Kg1 Ne5 
38. Bg2 Ne4 39. Rc2 Nc6 40. Rcc1 Rdd7 41. Bb2 Kf7 42. Ba1 Nb4 43. Na3 g5 
44. hxg5 Nxg5 45. Nb5 Ba6 46. Bb2 Ke6 47. f3 Bb7 48. Rd2 Rh7 49. Re1 Kf7 
50. Ree2 Kg6 51. Bc3 Bc6 52. Kf1 Rh6 53. Rf2 Rhh7 54. Rfe2 Ne6 55. Na3 Bb7 
56. Re1 Ng5 57. Nb5 Ba8 58. Ree2 Bc6 59. Kg1 d4 60. exd4 Bxf3 61. Re8 Nd5 
62. dxc5 Nxc3 63. Rxd7 Rxd7 64. Nxc3 bxc5 65. Rg8+ Kf6 66. Bxf3 Nxf3+ 
67. Kf2 Nd2 68. Rb8 Rd3 69. Ke2 c4 70. Rb6+ Kg5 71. Rb5 Rxc3 72. Kxd2 Rxb3 
73. Rxa5 Rxg3 74. Kc2 Ra3 75. Kb2 Rd3 76. Rb5 Kg4 77. a5 Rd7 78. Kc3 f4 
79. Kxc4 f3 80. a6 f2 81. Rb1 Kf3 82. Ra1 1/2-1/2

[Event "Wednesday Jan 24 Engine Tour 15 Rd Swiss 12m+1s Starts at 1600hrs ST"]
[Site "Infinity Chess"]
[Date "2018.1.24"]
[Round "10"]
[White "Satria_Ungu"]
[Black "MarioDeMonti"]
[Result "1/2-1/2"]
[ECO "E20"]
[WhiteElo "2371"]
[BlackElo "2442"]
[WhiteEngine "Houdini 6"]
[BlackEngine "stockfish_x64_bmi2_2018_01_13_CTG"]
[EventType "Swiss"]
[WhiteTeam ""]
[BlackTeam ""]
[PlyCount "88"]
[TimeControl "720+1"]

1. d4 Nf6 2. c4 e6 3. Nc3 d5 4. Nf3 c6 5. Bg5 h6 6. Bxf6 Qxf6 7. e3 Nd7 
8. Be2 g6 9. O-O Bg7 10. e4 dxe4 11. Nxe4 Qf4 12. Qc2 f5 13. Ned2 c5 14. g3 Qc7 
15. Nh4 Bxd4 16. Nxg6 Rg8 17. Nh4 Nf6 18. Ndf3 Rxg3+ 19. hxg3 Qxg3+ 20. Ng2 Ng4 
21. Qd2 Bxf2+ 22. Rxf2 Qxf2+ 23. Kh1 Bd7 24. Ne5 O-O-O 25. Nxg4 fxg4 26. Rd1 h5 
27. b3 b6 28. Qd3 Qf5 29. Kg1 Qxd3 30. Rxd3 Be8 31. Kf2 Rxd3 32. Bxd3 Kd7 
33. Nf4 Ke7 34. Kg3 Kf6 35. Kh4 Ke5 36. Ne2 a6 37. Kg3 b5 38. Kh4 b4 39. Ng3 Kd4 
40. Bh7 a5 41. Ne2+ Ke5 42. Ng3 Kd4 43. Ne2+ Ke5 44. Ng3 Kd4 1/2-1/2

[Event "Wednesday Jan 24 Engine Tour 15 Rd Swiss 12m+1s Starts at 1600hrs ST"]
[Site "Infinity Chess"]
[Date "2018.1.24"]
[Round "10"]
[White "hafaba"]
[Black "ocirema"]
[Result "1/2-1/2"]
[ECO "A05"]
[WhiteElo "2442"]
[BlackElo "2448"]
[WhiteEngine "Stockfish SL FA POPCNT_CTG"]
[BlackEngine "stockfish_18012314_x64_modern_CTG"]
[EventType "Swiss"]
[WhiteTeam ""]
[BlackTeam ""]
[PlyCount "129"]
[TimeControl "720+1"]

1. Nf3 Nf6 2. d4 d5 3. c4 e6 4. Nc3 c6 5. e3 Nbd7 6. Bd3 dxc4 7. Bxc4 b5 
8. Bd3 Bb7 9. a3 Bd6 10. Ng5 O-O 11. O-O Qc7 12. f4 h6 13. Nf3 a5 14. e4 b4 
15. Ne2 Be7 16. e5 Nd5 17. f5 exf5 18. Qe1 Ba6 19. Bxa6 Rxa6 20. Ng3 c5 
21. Nxf5 Re6 22. axb4 axb4 23. Bd2 cxd4 24. Qe4 N5f6 25. Qh4 Nxe5 26. Nxe5 Qxe5 
27. Rae1 Qc5 28. Qg3 d3+ 29. Kh1 Nh5 30. Qg4 Bg5 31. Bxg5 hxg5 32. Qxg5 d2 
33. Rd1 Re5 34. Qxh5 g6 35. Nh6+ Kh7 36. Qh4 Rh5 37. Qf4 Rxh6 38. Rxd2 Rh5 
39. Qf6 Qe5 40. h3 Qxf6 41. Rxf6 Rb5 42. Rd4 Kg7 43. Rf3 g5 44. Kh2 f6 
45. Kg1 Re8 46. Rb3 Reb8 47. Kh2 Kg6 48. Kg3 R8b6 49. h4 Rb8 50. hxg5 Kxg5 
51. Rf3 f5 52. Rb3 R8b6 53. Rc4 Re6 54. Rbxb4 Rxb4 55. Rxb4 Re3+ 56. Kh2 f4 
57. Rb8 Kg4 58. b4 Re2 59. b5 f3 60. Rg8+ Kf5 61. Rf8+ Kg6 62. Rxf3 Rb2 
63. b6 Rxb6 64. Rg3+ Kf6 65. Ra3 1/2-1/2